% Time on Ice - COLORADO GLACIERCATS
Lines # - Real PCT - Wanted PCT - Time Play
Normal Forward
1 - 29% - 35% - 14:24
2 - 22% - 35% - 10:57
3 - 26% - 25% - 12:34
4 - 23% - 5% - 11:04
Normal Defense
1 - 39% - 43% - 19:04
2 - 35% - 35% - 16:54
3 - 27% - 22% - 13:01
4 - 0% - 0% - 0:00
PP Forward
1 - 0% - 60%
2 - 0% - 40%
PP Defense
1 - 0% - 55%
2 - 0% - 45%
PK Forward
1 - 48% - 50% - 4:52
2 - 52% - 50% - 5:16
PK Defense
1 - 55% - 55% - 5:33
2 - 45% - 45% - 4:35
PK3 Forward
1 - 100% - 55% - 0:53
2 - 0% - 45% - 0:00
PK3 Defense
1 - 100% - 50% - 0:53
2 - 0% - 50% - 0:00
44 Forward
1 - 0% - 50%
2 - 0% - 50%
44 Defense
1 - 0% - 50%
2 - 0% - 50%
Last Minute Offensive  - 0:00
Last Minute Defensive  - 0:00
Total
Forward - 60:00
Defense - 60:00
% Time on Ice - KANSAS CITY KILLERBEES
Lines # - Real PCT - Wanted PCT - Time Play
Normal Forward
1 - 32% - 33% - 15:44
2 - 30% - 32% - 14:48
3 - 26% - 27% - 12:39
4 - 12% - 8% - 5:48
Normal Defense
1 - 34% - 37% - 16:49
2 - 36% - 37% - 17:24
3 - 30% - 25% - 14:46
4 - 0% - 1% - 0:00
PP Forward
1 - 54% - 55% - 5:56
2 - 46% - 45% - 5:05
PP Defense
1 - 58% - 50% - 6:21
2 - 42% - 50% - 4:40
PK Forward
1 - 0% - 55%
2 - 0% - 45%
PK Defense
1 - 0% - 50%
2 - 0% - 50%
PK3 Forward
1 - 0% - 55%
2 - 0% - 45%
PK3 Defense
1 - 0% - 50%
2 - 0% - 50%
44 Forward
1 - 0% - 55%
2 - 0% - 45%
44 Defense
1 - 0% - 50%
2 - 0% - 50%
Last Minute Offensive  - 0:00
Last Minute Defensive  - 0:00
Total
Forward - 60:00
Defense - 60:00
Play-by-Play 1st period 0:01 of 1st period - Sean Couturier wins face-off versus Patrice Bergeron in neutral zone. 0:16 of 1st period - Shot by Sean Couturier. 0:16 of 1st period - Shot Blocked by Joe Pavelski. 0:18 of 1st period - Shot by Calvin De Haan. 0:18 of 1st period - Shot Blocked by Patrice Bergeron. 0:20 of 1st period - Shot by Mark Stone. 0:20 of 1st period - Shot Misses the Net. 0:22 of 1st period - Shot by Sean Couturier. 0:22 of 1st period - Stopped by Pekka Rinne without a rebound. 0:23 of 1st period - Brayden Schenn wins face-off versus Peter Cehlarik in COLORADO GLACIERCATS zone. 0:34 of 1st period - Brayden Schenn is hit by Colin Miller and loses puck. 1:44 of 1st period - Icing by Ryan Ellis. 1:45 of 1st period - Ty Rattie wins face-off versus Lucas Wallmark in COLORADO GLACIERCATS zone. 1:50 of 1st period - Shot by Charlie Coyle. 1:50 of 1st period - Stopped by Pekka Rinne without a rebound. 1:51 of 1st period - Patrice Bergeron wins face-off versus Charlie Coyle in COLORADO GLACIERCATS zone. 2:15 of 1st period - Off-side. 2:16 of 1st period - Sean Couturier wins face-off versus Devin Shore in neutral zone. 3:03 of 1st period - Shot by Sean Couturier. 3:03 of 1st period - Shot Blocked by Mark Giordano. 3:39 of 1st period - Shot by Joe Pavelski. 3:39 of 1st period - Shot Blocked by Charlie Coyle. 3:42 of 1st period - Icing by Charlie Coyle. 3:43 of 1st period - Charlie Coyle wins face-off versus Brayden Schenn in KANSAS CITY KILLERBEES zone. 3:56 of 1st period - Shot by Jacob de la Rose. 3:56 of 1st period - Shot Misses the Net. 4:41 of 1st period - Shot by Kyle Brodziak. 4:41 of 1st period - Shot Misses the Net. 5:08 of 1st period - Shot by Mark Stone. 5:08 of 1st period - Shot Misses the Net. 5:10 of 1st period - Shot by Mark Stone. 5:10 of 1st period - Shot Misses the Net. 5:12 of 1st period - Shot by Mark Stone. 5:12 of 1st period - Shot Blocked by Shea Weber. 5:14 of 1st period - Shot by Mark Stone. 5:14 of 1st period - Stopped by Pekka Rinne without a rebound. 5:15 of 1st period - Patrice Bergeron wins face-off versus Peter Cehlarik in COLORADO GLACIERCATS zone. 5:32 of 1st period - Shot by Patrice Bergeron. 5:32 of 1st period - Stopped by Jonathan Bernier without a rebound. 5:33 of 1st period - Sean Couturier wins face-off versus Devin Shore in KANSAS CITY KILLERBEES zone. 6:47 of 1st period - Shot by Mattias Janmark. 6:47 of 1st period - Deflect By Artturi Lehkonen. 6:47 of 1st period - Stopped by Pekka Rinne without a rebound. 6:48 of 1st period - Brayden Schenn wins face-off versus Charlie Coyle in COLORADO GLACIERCATS zone. 8:19 of 1st period - Shot by Patrice Bergeron. 8:19 of 1st period - Stopped by Jonathan Bernier without a rebound. 8:20 of 1st period - Jay Beagle wins face-off versus Peter Cehlarik in KANSAS CITY KILLERBEES zone. 8:22 of 1st period - Lucas Wallmark is hit by Dylan DeMelo and loses puck. 8:37 of 1st period - Shot by Artturi Lehkonen. 8:37 of 1st period - Stopped by Pekka Rinne without a rebound. 8:38 of 1st period - Devin Shore wins face-off versus Sean Couturier in COLORADO GLACIERCATS zone. 8:38 of 1st period - Devin Shore is hit by Mark Stone. 8:52 of 1st period - Shot by Devin Shore. 8:52 of 1st period - Shot Misses the Net. 8:54 of 1st period - Shot by Devin Shore. 8:54 of 1st period - Shot Misses the Net. 8:59 of 1st period - Devin Shore is hit by Calvin De Haan and loses puck. 9:14 of 1st period - Shot by Devin Shore. 9:14 of 1st period - Shot Misses the Net. 9:36 of 1st period - Shot by Brayden Schenn. 9:36 of 1st period - Goal by Brayden Schenn - COLORADO GLACIERCATS : 1 - KANSAS CITY KILLERBEES : 0. 9:37 of 1st period - Patrice Bergeron wins face-off versus Peter Cehlarik in neutral zone. 9:52 of 1st period - Shot by Artturi Lehkonen. 9:52 of 1st period - Shot Misses the Net. 9:57 of 1st period - Off-side. 9:58 of 1st period - Ryan Kesler wins face-off versus Brayden Schenn in neutral zone. 10:10 of 1st period - Minor Penalty to Shea Weber for Diving. 10:11 of 1st period - Sean Couturier wins face-off versus Lucas Wallmark in COLORADO GLACIERCATS zone. 11:49 of 1st period - Off-side. 11:50 of 1st period - Sean Couturier wins face-off versus Zach Aston-Reese in neutral zone. 12:12 of 1st period - Charlie Coyle is hit by Ben Lovejoy and loses puck. 12:53 of 1st period - Shot by Artturi Lehkonen. 12:53 of 1st period - Stopped by Pekka Rinne without a rebound. 12:54 of 1st period - Patrice Bergeron wins face-off versus Sean Couturier in COLORADO GLACIERCATS zone. 14:40 of 1st period - Shot by Carl Hagelin. 14:40 of 1st period - Stopped by Jonathan Bernier without a rebound. 14:41 of 1st period - Charlie Coyle wins face-off versus Devin Shore in KANSAS CITY KILLERBEES zone. 14:46 of 1st period - Shot by Ty Rattie. 14:46 of 1st period - Stopped by Pekka Rinne without a rebound. 14:47 of 1st period - Charlie Coyle wins face-off versus Lucas Wallmark in COLORADO GLACIERCATS zone. 15:09 of 1st period - Shot by Charlie Coyle. 15:09 of 1st period - Stopped by Pekka Rinne without a rebound. 15:10 of 1st period - Patrice Bergeron wins face-off versus Sean Couturier in COLORADO GLACIERCATS zone. 15:10 of 1st period - Patrice Bergeron is hit by Sean Couturier. 15:17 of 1st period - Icing by Joe Pavelski. 15:18 of 1st period - Mark Stone wins face-off versus Patrice Bergeron in COLORADO GLACIERCATS zone. 15:26 of 1st period - Sean Couturier is hit by Shea Weber and loses puck. 15:38 of 1st period - Shot by Joe Pavelski. 15:38 of 1st period - Deflect By Patrice Bergeron. 15:38 of 1st period - Shot Misses the Net. 15:40 of 1st period - Shot by Paul Byron. 15:40 of 1st period - Stopped by Jonathan Bernier without a rebound. 15:41 of 1st period - Peter Cehlarik wins face-off versus Zach Aston-Reese in KANSAS CITY KILLERBEES zone. 15:41 of 1st period - Peter Cehlarik is hit by Zach Aston-Reese. 16:24 of 1st period - Shot by Mattias Janmark. 16:24 of 1st period - Deflect By Artturi Lehkonen. 16:24 of 1st period - Stopped by Pekka Rinne with a rebound. 16:56 of 1st period - Mark Stone is hit by Ben Lovejoy and loses puck. 17:02 of 1st period - Mark Stone is hit by Mark Giordano. 17:10 of 1st period - Shot by Mark Stone. 17:10 of 1st period - Shot Misses the Net. 17:13 of 1st period - Minor Penalty to Ben Lovejoy for Hooking. 17:14 of 1st period - Ryan Kesler wins face-off versus Lucas Wallmark in COLORADO GLACIERCATS zone. 17:41 of 1st period - Shot by Carl Hagelin. 17:41 of 1st period - Stopped by Jonathan Bernier with a rebound. 18:43 of 1st period - Shot by Sean Couturier. 18:43 of 1st period - Stopped by Pekka Rinne without a rebound. 18:44 of 1st period - Sean Couturier wins face-off versus Joe Pavelski in COLORADO GLACIERCATS zone. 19:21 of 1st period - Shot by Charlie Coyle. 19:21 of 1st period - Goal by Charlie Coyle - COLORADO GLACIERCATS : 1 - KANSAS CITY KILLERBEES : 1. 19:22 of 1st period - Ryan Kesler wins face-off versus Paul Byron in neutral zone. 19:27 of 1st period - Shot by Ryan Kesler. 19:27 of 1st period - Shot Misses the Net. 19:43 of 1st period - Shot by Patrice Bergeron. 19:43 of 1st period - Stopped by Jonathan Bernier with a rebound. 19:45 of 1st period - Shot by Mark Giordano. 19:45 of 1st period - Stopped by Jonathan Bernier without a rebound. 19:46 of 1st period - Peter Cehlarik wins face-off versus Andrew Poturalski in KANSAS CITY KILLERBEES zone. Goals for this period are 1 for COLORADO GLACIERCATS vs 1 for KANSAS CITY KILLERBEES. Shots for this period are 8 for COLORADO GLACIERCATS vs 11 for KANSAS CITY KILLERBEES. 2nd period 0:01 of 2nd period - Lucas Wallmark wins face-off versus Peter Cehlarik in neutral zone. 0:44 of 2nd period - Lucas Wallmark is hit by Colin Miller and loses puck. 1:06 of 2nd period - Patrice Bergeron is hit by Colin Miller. 1:07 of 2nd period - Patrice Bergeron from COLORADO GLACIERCATS is injured at 1:07 of 2nd period (Sprained Right Knee). 1:08 of 2nd period - Ty Rattie wins face-off versus Brayden Schenn in KANSAS CITY KILLERBEES zone. 1:08 of 2nd period - Ty Rattie is hit by Zach Aston-Reese. 1:40 of 2nd period - Shot by Charlie Coyle. 1:40 of 2nd period - Stopped by Pekka Rinne without a rebound. 1:41 of 2nd period - Sean Couturier wins face-off versus Paul Byron in COLORADO GLACIERCATS zone. 1:48 of 2nd period - Shot by Alexander DeBrincat. 1:48 of 2nd period - Shot Misses the Net. 1:57 of 2nd period - Paul Byron is hit by Alexandre Carrier and loses puck. 2:17 of 2nd period - Brayden Schenn is hit by Rasmus Andersson and loses puck. 3:53 of 2nd period - Shot by Devin Shore. 3:53 of 2nd period - Shot Misses the Net. 4:16 of 2nd p